 Dungeon Crawl Stone Soup version 0.20-a0-556-g892c87b (webtiles) character file.

18 volk64 the Charmwright (level 2, -2/23 HPs)
             Began as a Barachian Skald on Feb 7, 2017.
             Was an Initiate of Fedhas.
             Slain by Sigmund
             ... wielding a +1 scythe of flaming
              (3 damage)
             ... on level 2 of the Dungeon.
             The game lasted 00:06:24 (922 turns).

volk64 the Charmwright (Barachian Skald)             Turns: 922, Time: 00:06:25

Health: -2/23      AC:  5    Str:  9    XL:     2   Next: 70%
Magic:  3/5        EV: 11    Int: 11    God:    Fedhas [......]
Gold:   80         SH:  0    Dex: 10    Spells: 4/5 levels left

rFire    . . .     SeeInvis .   a - +0 hand axe
rCold    . . .     Gourm    .   b - +0 leather armour
rNeg     . . .     Faith    .   (no shield)
rPois    .         Spirit   .   (no helmet)
rElec    .         Reflect  .   (no cloak)
rCorr    .         Harm     .   (no gloves)
MR       .....                  (no boots)
Stlth    +.........             (no amulet)
Regen    0.1/turn               (no ring)
                                h - +2 ring of protection

@: infused (expiring), slow
A: swims, slowness 1, strong legs 1
a: Hop, Fungal Bloom, Renounce Religion


You were on level 2 of the Dungeon.
You worshipped Fedhas.
Fedhas was noncommittal.
You were not hungry.

You visited 1 branch of the dungeon, and saw 2 of its levels.

You collected 80 gold pieces.

Inventory:

Hand Weapons
 a - a +0 hand axe (weapon)
Armour
 b - a +0 leather armour (worn)
 r - a +0 plate armour
Jewellery
 h - a +2 ring of protection (left hand)
 q - an uncursed ring of protection from fire {unknown}
Scrolls
 i - a scroll of enchant weapon {unknown}
 j - a scroll of fog {unknown}
 k - 2 scrolls of identify
 m - a scroll of immolation {unknown}
 n - a scroll of random uselessness {unknown}
 u - a scroll of recharging {unknown}
 w - a scroll of blinking {unknown}
Potions
 e - 2 potions of curing
 l - 3 potions of flight {unknown}
 p - a potion of might {unknown}
 s - 2 potions of berserk rage {unknown}
 t - a potion of magic {unknown}
Books
 c - a book of Battle

   Spells                             Type                      Level
   a - Infusion                       Charms                       1
   b - Shroud of Golubria             Charms/Translocation         2
   c - Song of Slaying                Charms                       2
   d - Spectral Weapon                Hexes/Charms                 3
   e - Regeneration                   Charms/Necromancy            3
Comestibles
 d - 2 bread rations
 f - 2 fruits
 o - a meat ration
 v - a royal jelly


   Skills:
 + Level 2.5 Fighting
 + Level 2.0 Axes
 + Level 1.2 Armour
 + Level 2.0 Dodging
 + Level 2.2 Spellcasting
 + Level 3.4 Charms


You had 4 spell levels left.
You knew the following spells:

 Your Spells              Type           Power        Failure   Level  Hunger
a - Infusion              Chrm           #...         12%         1    ##.....


Dungeon Overview and Level Annotations

Branches:
Dungeon (2/15)

Altars:
Fedhas

Annotations:
D:2 Sigmund


Innate Abilities, Weirdness & Mutations

You can swim through water.
You cover ground slowly.
You can hop short distances.


Message History

Casting: Infusion
Confirm with . or Enter, or press ? or * to list all spells.
You begin infusing your attacks with magical energy.
Sigmund completely misses you.
Sigmund giggles. "Time to reap what you sow."
Sigmund completely misses you.
You closely miss Sigmund. You barely miss Sigmund.
Sigmund casts a spell.
Sigmund flickers and vanishes!
Deactivating autopickup; reactivate with Ctrl-A.
Something hits you! Something burns you.
You miss something. You hit something.
Your magical infusion is running out.
Something hits you!
* * * LOW HITPOINT WARNING * * *
Something burns you.
You die...
Fedhas appreciates your contribution to the ecosystem.

.....######.#
..##..## .#
.###...## #.# .#
#....###.# .#
#......#.### .#
##.........# .#
####..[##.### .#
#........### .#
#....(.[.@.# .#
#.....##.{.######
.#
#.....####......#
## #.....#
#......# #
#.....# ###....#
# #.....# ....#
#.....# ....#
#.....# ....#
.!..#


There were no monsters in sight!

Vanquished Creatures
  2 bats (D:1)
  A giant cockroach (D:2)
  4 goblins (D:1)
  4 hobgoblins (D:1)
  A quokka (D:2)
  A ball python (D:1)
  A kobold (D:2)
  2 rats (D:1)
16 creatures vanquished.

Notes
Turn   | Place    | Note
-------+----------+-------------------------------------------
     0 | D:1      | volk64 the Barachian Skald began the quest for the Orb.
     0 | D:1      | Reached XP level 1. HP: 16/16 MP: 3/3
   173 | D:1      | Reached XP level 2. HP: 23/23 MP: 0/5
   732 | D:2      | Found a blossoming altar of Fedhas.
   747 | D:2      | Became a worshipper of Fedhas Madash
   907 | D:2      | Noticed Sigmund
   922 | D:2      | HP: 1/23 [something (7)]
   922 | D:2      | Slain by Sigmund

Vault maps used:
D:1:      dpeg_arrival_orchard
D:2:      lemuel_crystal_altar, first_bread, uniq_sigmund

Action                   || total
-------------------------++-------
Melee: Hand axe          ||    44
 Cast: Infusion          ||     7
  Use: Scroll            ||     2
       Potion            ||     1
  Eat: Chunk             ||     1
Armor: Leather armour    ||     9
Dodge: Dodged            ||    22
